 Dungeon Crawl Stone Soup version 0.20.1-1-g8b1a95d (console) character file.

14094 hilaritas the Severer (level 12, -63/165 HPs)
             Began as a Hill Orc Berserker on Feb 10, 2018.
             Was a High Priest of Trog.
             Annihilated by a titanic slime creature (97 damage)
             ... on level 12 of the Dungeon.
             The game lasted 00:32:32 (15570 turns).

hilaritas the Severer (Hill Orc Berserker)         Turns: 15570, Time: 00:32:33

Health: -63/165    AC: 23    Str: 30    XL:     12   Next: 12%
Magic:  4/4        EV:  9    Int: 10    God:    Trog [*****.]
Gold:   819        SH:  0    Dex: 10    Spells: 11/11 levels left

rFire    + . .     SeeInvis .   W - +9 executioner's axe (antimagic)
rCold    + . .     Gourm    .   (shield currently unavailable)
rNeg     + . .     Faith    +   J - +1 gold dragon scales
rPois    +         Spirit   .   e - +1 hat
rElec    .         Reflect  .   (no cloak)
rCorr    .         Harm     .   j - +1 pair of gloves of the Failed Coup {Int+3}
MR       .....                  s - +0 pair of boots
Stlth    ..........             R - amulet of faith
Regen    0.4/turn               U - ring of positive energy
MPRegen  0.1/turn               q - +1 ring of evasion

@: berserking, very quick
A: no striking features
a: Berserk, Trog's Hand, Brothers in Arms, Burn Spellbooks, Renounce Religion


You were on level 12 of the Dungeon.
You worshipped Trog.
Trog was extremely pleased with you.
You were hungry.

You visited 1 branch of the dungeon, and saw 12 of its levels.
You also visited: Bailey.

You collected 819 gold pieces.

Inventory:

Hand Weapons
 y - a +0 war axe
 L - a +0 whip of flaming
 T - a +0 battleaxe
 W - a +9 antimagic executioner's axe (weapon)
Missiles
 Q - 5 tomahawks (quivered)
 Y - a throwing net
Armour
 e - a +1 hat (worn)
 j - the +1 pair of gloves of the Failed Coup (worn) {Int+3}
   (You found it in a bailey)

   It affects your intelligence (+3).
 s - a +0 pair of boots (worn)
 F - a +0 pair of gloves of dexterity
 J - +1 gold dragon scales (worn)
Jewellery
 b - an uncursed ring of flight
 q - a +1 ring of evasion (right hand)
 r - an uncursed ring of ice
 B - an uncursed ring of protection from cold
 R - an amulet of faith (around neck)
 U - a ring of positive energy (left hand)
Wands
 a - a wand of iceblast (9/15)
 t - a wand of random effects (17/48)
 I - a wand of paralysis (15/24)
 K - a wand of lightning (4/15)
 M - a wand of enslavement (6/24)
 N - a wand of confusion (22/48)
 O - a wand of acid (8/15)
Scrolls
 f - 6 scrolls of teleportation
 i - 4 scrolls of recharging
 p - 4 scrolls of remove curse
 w - 2 scrolls of blinking
 A - a scroll of fog
 D - 4 scrolls of magic mapping
Potions
 d - a potion of agility
 g - a potion of flight
 h - 3 potions of brilliance
 k - a potion of resistance
 l - 3 potions of ambrosia
 m - 5 potions of heal wounds
 n - 7 potions of curing
 z - 2 potions of magic
 C - 2 potions of invisibility
 G - a potion of might
 H - a potion of cancellation
 X - a potion of haste
Books
 P - a book of Frost

   Spells                             Type                      Level
   a - Freeze                         Ice                          1
   b - Throw Frost                    Conjuration/Ice              2
   c - Ozocubu's Armour               Charms/Ice                   3
   d - Throw Icicle                   Conjuration/Ice              4
   e - Summon Ice Beast               Ice/Summoning                4
   Trog disapproves of the use of such an item.
 S - a book of Conjurations

   Spells                             Type                      Level
   a - Magic Dart                     Conjuration                  1
   b - Searing Ray                    Conjuration                  2
   c - Dazzling Spray                 Conjuration/Hexes            3
   d - Fulminant Prism                Conjuration/Hexes            4
   e - Force Lance                    Conjuration/Translocation    4
   f - Iskenderun's Mystic Blast      Conjuration                  4
   Trog disapproves of the use of such an item.
Miscellaneous
 E - a lamp of fire
 V - a box of beasts
Comestibles
 c - 15 bread rations
 o - 4 meat rations
 u - 7 fruits
 v - a chunk of flesh
 x - 5 royal jellies


   Skills:
 + Level 11.6 Fighting
 * Level 15.5 Axes
 - Level 10.0 Armour
 - Level 6.6 Dodging


You had 11 spell levels left.
You didn't know any spells.

Dungeon Overview and Level Annotations

Branches:
Dungeon (12/15)            Temple (0/1) D:5            Lair (0/6) D:10
    Orc (0/2) D:9

Altars:
Dithmenos
Okawaru
Qazlal
Xom

Shops:
D:8 :

Annotations:
D:10 1 runed door


Message History

Two slime creatures merge to form an enormous slime creature.
Unknown command.
You slice the enormous slime creature like a ripe choko!!!
The enormous slime creature is moderately wounded.
You slice the enormous slime creature!!
The enormous slime creature is heavily wounded.
Two slime creatures merge to form a titanic slime creature.
You chop the titanic slime creature into pieces!!!
The titanic slime creature is heavily wounded.
You slice the titanic slime creature!!
The titanic slime creature is severely wounded.
The titanic slime creature closely misses you.
You slice the titanic slime creature!!
The titanic slime creature is severely wounded.
The titanic slime creature hits you!
You slice the titanic slime creature!!
The titanic slime creature is almost dead.
The titanic slime creature hits you!!!!
Ouch! That really hurt!
You die...

#...#.......#
##..#####'###
..# #.# #.#
#.# #.# #.#
#.# #.# #.#
#.# #@# #J#
#.# ..# ..#
.... ...#
...>#


You could see a titanic slime creature.

Vanquished Creatures
  2 two-headed ogres
  Pikel (D:7)
  An orc knight (Bailey)
  An ugly thing (D:12)
  2 cyclopes
  2 gargoyles (D:11)
  A merfolk (D:9)
  A slime creature (D:12)
  2 trolls
  2 hippogriffs
  A shadow (D:12)
  A wraith (D:10)
  15 yaks
  A hungry ghost (D:9)
  Menkaure (D:7)
  3 soldier ants
  2 black bears
  2 orc warriors
  2 ice beasts
  2 phantoms
  5 sky beasts
  6 ogres
  2 eyes of draining (D:9)
  A crocodile (D:6)
  5 centaurs
  3 big kobolds
  12 bullfrogs
  A gnoll sergeant (D:9)
  3 scorpions
  A water moccasin skeleton (D:6)
  A wyvern skeleton (D:6)
  6 killer bees (D:11)
  3 wights (D:6)
  7 crimson imps
  2 bullfrog zombies
  2 centaur zombies
  2 quasits
  5 hounds
  5 jellies
  4 orc priests
  A gnoll shaman (D:5)
  5 centaur skeletons
  2 orc wizards
  An iguana (D:4)
  11 worker ants
  3 hound skeletons
  A worker ant zombie (D:6)
  21 gnolls
  14 adders
  2 shadow imps
  An ooze (D:5)
  An adder zombie (D:9)
  2 adder skeletons
  4 worms
  3 dart slugs
  2 leopard geckos
  41 orcs
  8 giant cockroaches
  8 goblins
  11 hobgoblins
  10 jackals
  7 quokkas
  4 ball pythons
  7 bats
  7 frilled lizards
  A jackal skeleton (D:4)
  13 kobolds
  A quokka skeleton (D:5)
  10 rats
323 creatures vanquished.

Vanquished Creatures (others)
  A slave (D:7)
  A bullfrog (D:7)
  2 crimson imps (D:7)
  A hound (D:7)
  A quasit (D:7)
  A worker ant (D:7)
  An ooze (D:7)
  2 orcs (D:7)
  A quokka zombie (D:7)
11 creatures vanquished.

Grand Total: 334 creatures vanquished

Notes
Turn   | Place    | Note
-------+----------+-------------------------------------------
     0 | D:1      | hilaritas the Hill Orc Berserker began the quest for the Orb.
     0 | D:1      | Reached XP level 1. HP: 19/19 MP: 1/1
     4 | D:1      | Noticed an elephant
     7 | D:1      | Noticed an elephant
   295 | D:1      | Reached XP level 2. HP: 26/27 MP: 2/2
   854 | D:2      | Reached XP level 3. HP: 30/33 MP: 3/3
  1017 | D:2      | Found a stormy altar of Qazlal.
  1057 | D:2      | Reached skill level 5 in Axes
  1184 | D:2      | Reached ** piety under Trog
  1422 | D:2      | Reached XP level 4. HP: 40/40 MP: 4/4
  2040 | D:3      | Reached skill level 6 in Axes
  2314 | D:3      | Reached XP level 5. HP: 46/46 MP: 5/5
  2458 | D:3      | Found a faded altar of an unknown god.
  2992 | D:4      | Reached skill level 7 in Axes
  3185 | D:4      | Noticed an ogre
  3192 | D:4      | Killed an ogre
  3192 | D:4      | Reached skill level 8 in Axes
  3192 | D:4      | Reached XP level 6. HP: 33/53 MP: 6/6
  3484 | D:4      | Reached *** piety under Trog
  3626 | D:4      | Reached skill level 9 in Axes
  3800 | D:4      | Found a shadowy altar of Dithmenos.
  3808 | D:4      | Reached XP level 7. HP: 60/60 MP: 7/7
  4348 | D:5      | Entered Level 5 of the Dungeon
  4466 | D:5      | Reached skill level 5 in Fighting
  4466 | D:5      | Reached skill level 10 in Axes
  4574 | D:5      | Found a staircase to the Ecumenical Temple.
  5026 | D:5      | Reached XP level 8. HP: 68/70 MP: 8/8
  6091 | D:6      | Reached skill level 5 in Armour
  6537 | D:6      | Reached **** piety under Trog
  6537 | D:6      | Reached XP level 9. HP: 47/82 MP: 9/9
  8119 | D:7      | Noticed Menkaure
  8130 | D:7      | Noticed Pikel
  8139 | D:7      | Killed Menkaure
  8147 | D:7      | Killed Pikel
  8147 | D:7      | Reached skill level 10 in Fighting
  8170 | D:7      | Found a flagged portal.
  8404 | Bailey   | Entered a bailey
  8959 | Bailey   | Got a pair of fine gloves
  8985 | Bailey   | Identified the +1 pair of gloves of the Failed Coup {Int+3} (You found it in a bailey)
  9084 | Bailey   | Noticed an orc knight
  9099 | Bailey   | Killed an orc knight
  9354 | D:7      | Reached XP level 10. HP: 72/94 MP: 10/10
 10081 | D:8      | Found Bimm's Book Boutique.
 10195 | D:8      | Noticed a cyclops
 10201 | D:8      | Reached skill level 10 in Armour
 10210 | D:8      | Killed a cyclops
 11294 | D:9      | Reached skill level 5 in Dodging
 11479 | D:9      | Found an iron altar of Okawaru.
 11480 | D:9      | Found a staircase to the Orcish Mines.
 11560 | D:9      | Reached ***** piety under Trog
 11977 | D:9      | Reached XP level 11. HP: 87/101 MP: 11/11
 12103 | D:9      | Reached skill level 11 in Axes
 12464 | D:10     | Entered Level 10 of the Dungeon
 12925 | D:10     | Found a staircase to the Lair.
 12978 | D:10     | Found a runed door.
 13041 | D:10     | Found a stormy altar of Qazlal.
 13108 | D:10     | Reached skill level 12 in Axes
 13289 | D:10     | Found a runed door.
 13734 | D:11     | Noticed a cyclops
 13742 | D:11     | Killed a cyclops
 13742 | D:11     | Reached skill level 13 in Axes
 14414 | D:11     | Reached skill level 14 in Axes
 14793 | D:11     | Noticed a two-headed ogre
 14807 | D:11     | Killed a two-headed ogre
 15046 | D:12     | Found a shimmering altar of Xom.
 15046 | D:12     | Noticed a two-headed ogre
 15057 | D:12     | Killed a two-headed ogre
 15319 | D:12     | Reached XP level 12. HP: 110/110 MP: 12/12
 15337 | D:12     | Reached skill level 15 in Axes
 15350 | D:12     | Received a gift from Trog
 15570 | D:12     | Annihilated by a titanic slime creature

Skill      XL: |  1  2  3  4  5  6  7  8  9 10 11 12 |
---------------+-------------------------------------+-----
Fighting       | 4 6 8 10 11 | 11.6
Axes           | 5 6 8 9 10 14 15 | 15.5
Armour         | 3 6 9 10 | 10.0
Dodging        | 6 |  6.6

Action                   |  1- 3 |  4- 6 |  7- 9 | 10-12 || total
-------------------------+-------+-------+-------+-------++-------
Melee: Hand axe          |   141 |   196 |       |       ||   337
       War axe           |       |    21 |   448 |   356 ||   825
       Battleaxe         |       |       |       |   335 ||   335
       Executioner's axe |       |       |       |    23 ||    23
Throw: Tomahawk          |       |       |       |     8 ||     8
Invok: Berserk           |       |       |     3 |     5 ||     8
       Trog's Hand       |       |       |     2 |     2 ||     4
       Burn Spellbooks   |       |       |       |     1 ||     1
  Use: Scroll            |     6 |     4 |     6 |    15 ||    31
  Eat: Chunk             |     2 |    23 |    26 |    23 ||    74
Armor: Ring mail         |    58 |    34 |       |       ||    92
       Chain mail        |       |    47 |    66 |       ||   113
       Plate armour      |       |       |   188 |       ||   188
       Gold dragon scale |       |       |    33 |   605 ||   638
Dodge: Dodged            |   106 |   107 |   181 |   284 ||   678
